 Dungeon Crawl Stone Soup version 0.19.1-1-g22dce08 (webtiles) character file.

185 pieknaormianka the Firebug (level 5, -4/35 HPs)
             Began as a Human Fire Elementalist on Jan 14, 2017.
             Slain by a water moccasin (5 damage)
             ... on level 6 of the Dungeon.
             The game lasted 01:37:51 (4673 turns).

pieknaormianka the Firebug (HuFE)                   Turns: 4673, Time: 01:37:52

Health: -4/35      AC:  4    Str:  8    XL:     5   Next: 96%
Magic:  6/9        EV: 12    Int: 16    God:
Gold:   64         SH:  3    Dex: 14    Spells: 3 memorised, 4 levels left

rFire  . . .     SeeInvis .     s - -1 hunting sling (curse) {7777}
rCold  . . .     Gourm    .     a - +0 robe
rNeg   . . .     Faith    .     (no shield)
rPois  .         Spirit   .     (no helmet)
rElec  .         Reflect  +     g - +1 cloak
rCorr  .         Harm     .     (no gloves)
MR     .....                    (no boots)
Stlth  ++........               r - +3 amulet of reflection
                                (no ring)
                                (no ring)

@: very slightly contaminated
A: no striking features
a: no special abilities


You were on level 6 of the Dungeon.
You were not hungry.

You visited 1 branch of the dungeon, and saw 6 of its levels.

You collected 64 gold pieces.

Inventory:

Hand Weapons
 d - a +0 dagger
 e - a +0 dagger
 h - a +0 short sword
 i - a +0 mace
 l - a cursed +0 dagger
 m - a +0 dagger
 o - a +0 club
 s - a cursed -1 hunting sling (weapon) {7777}
 u - a +0 mace
 x - a +0 falchion
 y - a +0 flail
 B - a +0 spear
 C - a +0 spear
 E - a cursed -3 long sword
Missiles
 f - 22 bolts
 j - 59 stones (quivered)
 w - 11 tomahawks
Armour
 a - a +0 robe (worn)
 g - a +1 cloak (worn)
 z - a +0 leather armour
Jewellery
 r - a +3 amulet of reflection (around neck)
Scrolls
 k - 3 scrolls of magic mapping
 q - a scroll of remove curse {unknown}
 v - a scroll of enchant armour {unknown}
Potions
 n - a potion of berserk rage
 t - 2 potions of ambrosia
 A - a potion of agility {unknown}
Books
 b - a book of Flames

   Spells                             Type                      Level
   a - Flame Tongue                   Conjuration/Fire             1
   b - Throw Flame                    Conjuration/Fire             2
   c - Conjure Flame                  Conjuration/Fire             3
   d - Inner Flame                    Hexes/Fire                   3
   e - Sticky Flame                   Conjuration/Fire             4
   f - Fireball                       Conjuration/Fire             5
 p - a book of Maledictions

   Spells                             Type                      Level
   a - Corona                         Hexes                        1
   b - Ensorcelled Hibernation        Hexes/Ice                    2
   c - Confuse                        Hexes                        3
   d - Tukima's Dance                 Hexes                        3
   e - Dazzling Spray                 Conjuration/Hexes            3
Comestibles
 c - 4 bread rations
 D - 2 chunks of flesh


   Skills:
 + Level 0.2 Short Blades
 + Level 2.4 Slings
 - Level 0.2(1.4) Throwing
 + Level 2.2 Dodging
 + Level 3.1 Stealth
 * Level 3.1 Spellcasting
 + Level 1.4 Conjurations
 + Level 3.6 Fire Magic


You had 4 spell levels left.
You knew the following spells:

 Your Spells              Type           Power        Failure   Level  Hunger
a - Flame Tongue          Conj/Fire      ##...        10%         1    None
b - Throw Flame           Conj/Fire      ##....       12%         2    ##.....
c - Confuse               Hex            #.......     65%         3    ###....


Dungeon Overview and Level Annotations

Branches:
Dungeon (6/15)
 Temple: D:4-7

Altars:
Okawaru

Annotations:
D:5 Edmund


Message History

You block the orc priest's attack.
The orc wizard hits you but does no damage.
The water moccasin barely misses you.
The orc priest calls down the wrath of Beogh upon you.
Beogh smites you!
* * * LOW HITPOINT WARNING * * *
The orc wizard casts a spell.
The orc wizard seems to speed up.
The orc shouts!
The water moccasin bites you.
* * * LOW HITPOINT WARNING * * *
The crimson imp shouts, "Accept thy failure, thou rank rump-fed guttersnipe!"
You block the orc wizard's attack.
The orc priest invokes the aid of Beogh against you.
Pain shoots through your body!
* * * LOW HITPOINT WARNING * * *
You block the water moccasin's attack. The water moccasin misses you.
The orc wizard barely misses you. The water moccasin bites you.
You die...

##..(......#
#..(......(#
##.(........#
##..##......##
#..#####....#
##.## ###....#
##.## ##......##
##.#####........##
##(##
#.........@(# ((##
##.....(..So###
#.##
###..........##.
##.##
###..o.........
#)ยง##
##.5o(.##.....
##..### ##.....##
.....
##...####...o.##
....
##.......(..## ...
#.......(..# ...


You could see a water moccasin, an orc priest, an orc wizard, a crimson imp and
2 orcs.

Vanquished Creatures
  An orc wizard (D:3)
  Jessica (D:3)
  An iguana (D:6)
  3 adders
  A shadow imp (D:6)
  3 worms
  6 orcs
  2 ball pythons
  2 giant cockroaches (D:2)
  6 goblins
  A hobgoblin (D:2)
  5 jackals
  12 kobolds
  2 quokkas
  5 bats
  2 frilled lizards
  A rat (D:3)
54 creatures vanquished.

Vanquished Creatures (others)
  An orc (D:3)
  A kobold (D:2)
  A goblin (D:2)
3 creatures vanquished.

Grand Total: 57 creatures vanquished

Notes
Turn   | Place    | Note
-------+----------+-------------------------------------------
     0 | D:1      | pieknaormianka the Human Fire Elementalist began the quest for the Orb.
     0 | D:1      | Reached XP level 1. HP: 13/13 MP: 3/3
   274 | D:1      | Reached XP level 2. HP: 15/19 MP: 0/5
   324 | D:1      | Learned a level 2 spell: Throw Flame
   954 | D:2      | Reached XP level 3. HP: 21/24 MP: 0/6
  1155 | D:2      | Learned a level 3 spell: Confuse
  1828 | D:3      | Noticed Jessica
  1838 | D:3      | Killed Jessica
  1838 | D:3      | Reached XP level 4. HP: 19/30 MP: 4/7
  1997 | D:2      | HP: 1/30 [poisoned by an adder]
  2212 | D:2      | Reached skill level 1 in Slings
  2268 | D:2      | Found an iron altar of Okawaru.
  2800 | D:3      | Reached XP level 5. HP: 30/35 MP: 9/9
  3989 | D:4      | Noticed Edmund
  4004 | D:5      | Entered Level 5 of the Dungeon
  4645 | D:6      | Noticed a water moccasin
  4671 | D:6      | HP: 1/35 [orc priest/nerve-wracking pain (7)]
  4673 | D:6      | Slain by a water moccasin

Skill      XL: |  1  2  3  4  5 |
---------------+----------------+-----
Slings         | 1 2 |  2.4
Stealth        | 3 |  3.1
Spellcasting   | 3 |  3.1
Short Blades   | |  0.2
Throwing       | |  0.2
Dodging        | |  2.2
Conjurations   | |  1.4
Fire Magic     | |  3.6

Action                   |  1- 3 |  4- 6 || total
-------------------------+-------+-------++-------
Melee: Dagger            |     1 |       ||     1
       Short sword       |    20 |       ||    20
       Hunting sling     |       |     1 ||     1
 Fire: Hunting sling     |    18 |   141 ||   159
Throw: Stone             |     8 |       ||     8
       Tomahawk          |       |     1 ||     1
 Cast: Flame Tongue      |    44 |    37 ||    81
       Throw Flame       |     3 |    11 ||    14
  Use: Scroll            |     2 |     3 ||     5
       Potion            |       |     1 ||     1
  Eat: Bread ration      |     1 |     1 ||     2
       Fruit             |     3 |       ||     3
       Meat ration       |       |     1 ||     1
Armor: Robe              |    16 |    35 ||    51
Dodge: Dodged            |    32 |    82 ||   114
Block: Other             |     2 |    22 ||    24
       Reflection        |     2 |     2 ||     4
